 Dungeon Crawl Stone Soup version 0.29-a0-82-g837932c90e (webtiles) character file.

Game seed: 531094815014199375

65 timneilson the Shield-Bearer (level 4, -5/28 HPs)
             Began as a Gargoyle Fighter on Feb 5, 2022.
             Slain by a gnoll (8 damage)
             ... on level 3 of the Dungeon.
             The game lasted 00:02:15 (1752 turns).

timneilson the Shield-Bearer (Gargoyle Fighter)     Turns: 1752, Time: 00:02:16

Health: -5/28      AC: 10    Str: 22    XL:     4   Next: 14%
Magic:  4/4        EV:  8    Int:  8    God:
Gold:   39         SH:  9    Dex:  9    Spells: 3/3 levels left

rFire   . . .      SeeInvis .   a - +0 long sword
rCold   . . .      Faith    .   i - +1 kite shield
rNeg    + . .      Spirit   .   b - +0 scale mail
rPois   ∞          Reflect  .   (no helmet)
rElec   +          Harm     .   (no cloak)
rCorr   .          Rampage  .   (no gloves)
Will    .....                   (no boots)
Stlth   ..........              (no amulet)
HPRegen 0.09/turn               (no ring)
MPRegen 0.09/turn               (no ring)

@: no status effects
A: sickness immunity, AC +3, negative energy resistance 1, electricity
resistance, torment resistance 1, petrification resistance
a: no special abilities


You were on level 3 of the Dungeon.
You visited 1 branch of the dungeon, and saw 3 of its levels.

You collected 39 gold pieces.

Inventory:

Hand Weapons
 a - a +0 long sword (weapon)
Armour
 b - a +0 scale mail (worn)
 i - a +1 kite shield (worn)
Scrolls
 c - a scroll of magic mapping
 f - 3 scrolls of identify
 h - a scroll of holy word {unknown}
Potions
 d - a potion of might
 e - a potion of flight
 g - a potion of ambrosia {unknown}
 j - 2 potions of heal wounds {unknown}


   Skills:
 + Level 3.5 Fighting
 * Level 2.4 Long Blades
 * Level 3.8 Armour
 + Level 0.7 Dodging
 * Level 3.9 Shields


You had 3 spell levels left.
You didn't know any spells.
Your spell library was empty.

Dungeon Overview and Level Annotations

Branches:
Dungeon (3/15)

Altars:
Cheibriados
Xom


Innate Abilities, Weirdness & Mutations

You are immune to sickness and miasma.
Your stone body is resilient. (AC +3)
You are immune to poison.
You resist negative energy. (rN+)
You are resistant to electric shocks. (rElec)
You are resistant to unholy torment.
You are immune to petrification.


Message History

You kill the orc!
The gnoll hits you with a +0 halberd.
Things that are here:
a +0 whip; a +0 leather armour; an orc corpse You barely miss the gnoll.
The gnoll hits you but does no damage.
A gnoll comes into view. It is wielding a +0 flail.
The gnoll hits you with a +0 halberd.
* * * LOW HITPOINT WARNING * * *
You hit the gnoll.
The gnoll is moderately wounded.
You slash the gnoll!
The gnoll is severely wounded.
The gnoll closely misses you. The gnoll hits you but does no damage.
You see here a throwing net.
Unknown command.
You see here a rat corpse.
The gnoll barely misses you.
There is a stone staircase leading up here.
You block the gnoll's attack.
You climb upwards.
There is a stone staircase leading down here.
You slash the gnoll!
You kill the gnoll!
You have reached level 4!
You feel stronger.
You start resting.
HP restored.
You climb downwards.
You block the gnoll's attack. The gnoll barely misses you.
There is a stone staircase leading up here.
The gnoll hits you with a +0 flail! The gnoll closely misses you.
You hit the gnoll.
The gnoll is moderately wounded.
The gnoll hits you but does no damage. The gnoll hits you with a +0 halberd!
You hit the gnoll.
The gnoll is severely wounded.
The gnoll hits you with a +0 flail!
* * * LOW HITPOINT WARNING * * *
You block the gnoll's attack. The gnoll hits you but does no damage.
The gnoll hits you with a +0 halberd!
You die...

###.............# ...
....#.#######.#.#.....
....#....g......#.#.#
....#.#######...#.>.
....##########.##.###.#
................)......
.....####.......#.###.#
##+++# #####..g#.#
#..g@<# #.....##
##...>.+ #...### #...#
#...# #####


You could see 2 gnolls.

Vanquished Creatures
  A gnoll (D:2)
  2 adders
  A worm (D:2)
  An orc (D:3)
  3 ball pythons
  2 bats
  2 endoplasms (D:1)
  2 giant cockroaches (D:1)
  4 goblins
  A hobgoblin (D:1)
  5 kobolds
  3 quokkas (D:1)
  A frilled lizard (D:3)
  4 rats
32 creatures vanquished.

Notes
Turn   | Place    | Note
-------+----------+-------------------------------------------
     0 | D:1      | timneilson the Gargoyle Fighter began the quest for the
                  | Orb.
     0 | D:1      | Reached XP level 1. HP: 14/14 MP: 1/1
     1 | D:1      | Noticed an electric eel
   226 | D:1      | Reached XP level 2. HP: 18/19 MP: 2/2
   546 | D:1      | Found a faded altar of an unknown god.
   934 | D:2      | Reached XP level 3. HP: 10/23 MP: 3/3
  1143 | D:2      | Found a shimmering altar of Xom.
  1489 | D:3      | Found a snail-covered altar of Cheibriados.
  1568 | D:2      | Reached XP level 4. HP: 11/28 MP: 4/4
  1752 | D:3      | Slain by a gnoll

Illustrated notes

Levels and vault maps discovered:
D:1:      arrival_aquarium_a, layout_loops_ring,
          hellmonk_ecumenical_altar_inner_sanctum
D:2:      layout_rooms, basic_altar, minmay_crystal_room,
          minmay_misc_feat_alley, corner_web_ring
D:3:      layout_basic, old_standard_altar, nemelex_altar_shiori, serial_shops,
          nicolae_shop_window_shopping, minmay_starry_boxes

Skill      XL: |  1  2 |
---------------+-------+-----
Long Blades    | 2 |  2.4
Fighting       | |  3.5
Armour         | |  3.8
Dodging        | |  0.7
Shields        | |  3.9

Action                   |  1- 3 |  4- 6 || total
-------------------------+-------+-------++-------
Melee: Long sword        |   100 |     2 ||   102
  Use: Scroll            |     5 |       ||     5
Armor: Scale mail        |    57 |     2 ||    59
Dodge: Dodged            |    54 |     2 ||    56
Block: Buckler           |    14 |       ||    14
       Kite shield       |     7 |     2 ||     9

Table legend: (Time is in decaauts)
 A = Elapsed time spent in this place.
 B = Non-inter-level travel time spent in this place.
 C = Inter-level travel time spent in this place.
 D = Time resting spent in this place.
 E = Time spent auto-exploring this place.
 F = Levels seen in this place.
 G = Mean time per level.
                   A        B        C        D        E       F      G
               +--------+--------+--------+--------+--------+-----+--------+
         Total |   1790 |   1725 |     65 |    180 |   1221 |   3 |  596.7 |
       Dungeon |   1790 |   1725 |     65 |    180 |   1221 |   3 |  596.7 |
               +--------+--------+--------+--------+--------+-----+--------+

Top non-repeatable levels by time:
     D:1: 899 daAuts
     D:2: 764 daAuts
     D:3: 126 daAuts
